 Dungeon Crawl Stone Soup version 0.28.0 (webtiles) character file.

Game seed: 13847812641272851446

59764 willcat the Protected (level 15, -2/100 HPs)
             Began as a Djinni Cinder Acolyte on Feb 4, 2022.
             Was an Initiate of Makhleb.
             Killed from afar by a starcursed mass (8 damage)
             ... with an accursed screaming
             ... on level 2 of the Abyss on Feb 5, 2022.
             The game lasted 01:01:37 (36219 turns).

willcat the Protected (Djinni Cinder Acolyte)      Turns: 36219, Time: 01:01:38

Health: -2/100     AC: 17    Str: 15      XL:     15   Next: 35%
Gold:   1467       EV: 30    Int: 18 (21) God:    Makhleb [......] SH: 10 Dex:  9 (10)

rFire   . . .      SeeInvis .   a - +5 long sword of Sloth {flame, Int+5}
rCold   . . .      Faith    .   p - +0 kite shield
rNeg    . . .      Spirit   .   E - +4 ring mail of Purpose {rF+ Dex+2}
rPois   ∞          Reflect  .   G - +0 helmet
rElec   .          Harm     .   F - +0 cloak
rCorr   .          Rampage  .   r - +1 pair of gloves
Will    +....                   (boots unavailable)
Stlth   +.........              i - amulet of the acrobat
HPRegen 0.26/turn               g - +4 ring of evasion
MPRegen 0.00/turn               h - ring of protection from cold

@: acrobatic, flying, fire susceptible
A: sickness immunity, fire resistance 2, cold vulnerability 1, float, innate
caster, HP casting, extra vitality 1, clumsy 1, frail 1, devolution 1, [dopey 2]
a: Renounce Religion


You were on level 2 of the Abyss.
You worshipped Makhleb.
Makhleb was noncommittal.
You visited 3 branches of the dungeon, and saw 18 of its levels.
You visited the Abyss 1 time.
You also visited: Sewer and Bailey.

You collected 2506 gold pieces.
You spent 1039 gold pieces at shops.

Inventory:

Hand Weapons
 a - the +5 long sword of Sloth (weapon) {flame, Int+5}
   (You found it on level 5 of the Lair of Beasts)

   It burns those it strikes, dealing additional fire damage.
   Big, fiery blades are also staple armaments of hydra-hunters.
   Int:       It affects your intelligence (+5).
 b - the +7 dagger of Uskayaw's Envy {venom, Str+7}
   (You found it on level 6 of the Dungeon)

   It poisons the flesh of those it strikes.
   Str:       It affects your strength (+7).
Missiles
 l - a throwing net (quivered)
Armour
 p - a +0 kite shield (worn)
 r - a +1 pair of gloves (worn)
 E - the +4 ring mail of Purpose (worn) {rF+ Dex+2}
   (You bought it in a shop on level 7 of the Dungeon)

   Dex:       It affects your dexterity (+2).
   rF:        It protects you from fire.
 F - a +0 cloak (worn)
 G - a +0 helmet (worn)
 I - +0 acid dragon scales
 O - a +2 scale mail of willpower
Jewellery
 g - a +4 ring of evasion (left hand)
 h - a ring of protection from cold (right hand)
 i - an amulet of the acrobat (around neck)
 u - a ring of fire
 K - a ring of ice
Wands
 m - a wand of mindburst (7)
 t - a wand of polymorph (11)
 v - a wand of flame (26)
 J - a wand of digging (4)
 M - a wand of paralysis (1)
 N - a wand of acid (1)
Scrolls
 c - 3 scrolls of enchant weapon
 n - a scroll of fog
 q - 4 scrolls of torment
 w - 5 scrolls of vulnerability
 x - a scroll of fear
 y - 2 scrolls of immolation
 A - a scroll of brand weapon
 H - 2 scrolls of blinking
 L - a scroll of holy word
Potions
 d - 3 potions of curing
 j - a potion of cancellation
 s - 5 potions of brilliance
 z - 2 potions of invisibility
 B - 2 potions of might
 C - 2 potions of berserk rage {unknown}


   Skills:
 + Level 12.0 Fighting
 - Level 6.7(7.1) Short Blades
 + Level 3.6(5.6) Long Blades
 * Level 12.4 Armour
 + Level 8.1 Dodging
 + Level 1.6 Stealth
 + Level 9.6 Shields
 - Level 5.4 Unarmed Combat
 + Level 9.4 Spellcasting
 + Level 1.1 Invocations
 - Level 4.5 Evocations


You had 6 spell levels left.
You knew the following spells:

 Your Spells              Type           Power      Damage    Failure   Level
a - Scorch                Fire           84%        2d9       1%          2
b - Sting                 Tmut/Pois      100%       1d8       1%          1
c - Searing Ray           Conj           84%        2d7       1%          2
d - Dazzling Flash        Conj/Hex       84%        N/A       1%          3
e - Call Canine Familiar  Summ           42%        N/A       1%          3
f - Leda's Liquefaction   Hex/Erth       21%        N/A       7%          4
g - Lee's Rapid Deconstr  Erth           21%        3d13*     19%         5
h - Statue Form           Tmut/Erth      28%        N/A       71%         6
Your spell library was empty.

Dungeon Overview and Level Annotations

Branches:
Dungeon (11/15)            Temple (1/1) D:7            Lair (6/6) D:10
 Shoals (0/4) Lair:3        Snake (0/4) Lair:3        Slime (0/5) Lair:5
    Orc (0/2) D:11          Sewer (visited)          Bailey (visited)

Altars:
Ashenzari
Cheibriados
Dithmenos
Elyvilon
Fedhas
Gozag
Hepliaklqana
Kikubaaqudgha
Makhleb
Nemelex Xobeh
Okawaru
Qazlal
Ru
Sif Muna
Trog
Uskayaw
Vehumet
Wu Jian
Xom
Yredelemnul
Zin
The Shining One

Shops:
D:4 [   D:7 (?=[(   D:8 [

Portals:
Hell: Lair:6

Annotations:
D:11 Erolcha


Innate Abilities, Weirdness & Mutations

You are immune to sickness and miasma.
You are immune to poison.
Your flesh is very heat resistant. (rF++)
You are vulnerable to cold. (rC-)
You float through the air rather than walking.
You learn spells naturally, not from books.
Your magical power is your life essence.
You have superior vitality. (+4 MHP)
You are clumsy. (Dex -2)
You are frail. (-10% HP)
You have hidden genetic defects.
[You are very dopey. (Int -4)]


Message History

You block the thrashing horror's attack.
The thrashing horror closely misses you.
You block the thrashing horror's attack.
The thrashing horror closely misses you.
The thrashing horror misses you. The thrashing horror barely misses you.
You block the thrashing horror's attack. x2
You block the thrashing horror's attack.
The thrashing horror completely misses you.
The thrashing horror roars!
The thrashing horror closely misses you.
The thrashing horror completely misses you.
The large abomination completely misses you.
The thrashing horror tramples you.
* * * LOW HITPOINT WARNING * * *
You hold your ground!
The thrashing horror tramples you.
* * * LOW HITPOINT WARNING * * *
You hold your ground!
Unknown command.
The thrashing horror closely misses you.
The thrashing horror completely misses you.
You block the thrashing horror's attack.
The thrashing horror barely misses you.
The thrashing horror completely misses you.
The thrashing horror closely misses you.
The thrashing horror misses you.
The thrashing horror tramples you but does no damage.
The thrashing horror tramples you!
* * * LOW HITPOINT WARNING * * *
You hold your ground!
The thrashing horror completely misses you.
You block the thrashing horror's attack.
The thrashing horror misses you.
The thrashing horror roars!
The thrashing horror completely misses you.
You block the thrashing horror's attack.
A starcursed mass comes into view.
The thrashing horror completely misses you. x2
A starcursed mass splits.
The starcursed mass shrieks in your mind.
You die...

##### #.#####.
... ..# #
...#..#.. #. #.#
##..#.#.# .# . #
#..#....# .. #
## #. .##X.##
.#.# ##...#....#
....# #
#...#...X###...#
# .
###...###X..# #
#.# ##. ##@##
##. .# #.. #...#
#.. . #...
#.....# .....
..... .........
.#... .#.
..#.....#.. # #
. #
..X###...###...
# # #.# ##.##
#.# # # .# ..
... .. ..


You could see a starcursed mass, 2 thrashing horrors and a large abomination.

Vanquished Creatures
  Nessos (Lair:5)
  Harold (D:8)
  Josephine (D:9)
  Fannar (D:10)
  8 hydras
  A hell beast (Lair:6)
  2 catoblepae
  3 death yaks (Lair:5)
  2 two-headed ogres
  A tengu warrior (D:11)
  A thrashing horror (Abyss:1)
  2 large abominations
  A wizard (Lair:6)
  A manticore (D:11)
  A cyclops (D:11)
  3 merfolk sirens (Lair:3)
  A smoke demon (Abyss:1)
  A gargoyle (D:11)
  3 black mambas
  12 cane toads
  An efreet (D:11)
  A kobold demonologist (D:7)
  9 komodo dragons
  14 rime drakes
  A hellwing (Lair:6)
  2 ice devils (Lair:6)
  A red devil (Lair:6)
  3 trolls
  Prince Ribbit (D:8)
  3 polar bears
  3 slime creatures (Lair:5)
  6 dream sheep (Lair:6)
  7 blink frogs
  6 wraiths
  A ynoxinul (Abyss:1)
  9 wyverns
  3 basilisks
  Eustachio (D:6)
  Sigmund (D:6)
  75 yaks
  9 steam dragons
  Edmund (D:6)
  2 vampire mosquitoes (D:11)
  An acid dragon (D:10)
  Menkaure (D:6)
  11 water moccasins
  2 hell hounds (Lair:6)
  A hornet zombie (D:6)
  4 orc warriors
  2 ice beasts
  A black bear (Lair:2)
  A necrophage (D:6)
  11 wolves
  4 centaurs
  An ogre (D:7)
  2 phantoms (D:6)
  15 bullfrogs
  2 gnoll sergeants
  A water moccasin zombie (D:5)
  4 scorpions
  6 killer bees
  A howler monkey (D:5)
  13 wights
  3 electric eels
  4 centaur zombies
  7 hounds
  A jelly (Lair:5)
  7 orc priests
  A gnoll shaman (D:8)
  3 iguanas
  5 orc wizards
  A hound skeleton (D:4)
  20 gnolls
  8 adders
  4 river rats
  2 white imps (D:7)
  2 ufetubi (D:6)
  An adder skeleton (D:4)
  3 worms (D:3)
  A dart slug (D:3)
  34 orcs
  7 endoplasms
  8 giant cockroaches
  12 goblins
  9 hobgoblins
  6 jackals
  4 quokkas
  12 ball pythons
  11 bats
  7 frilled lizards
  14 kobolds
  14 rats
  A butterfly (Lair:5)
503 creatures vanquished.

Vanquished Creatures (collateral kills)
  A fire dragon (Lair:4)
  2 lindwurms
  A will-o-the-wisp (Abyss:1)
  A merfolk siren (Lair:3)
  2 cane toads
  A torpor snail (Lair:5)
  A komodo dragon (Lair:5)
  2 rime drakes
  An ice devil (Lair:6)
  A red devil (Lair:6)
  A blink frog (Lair:4)
  A dream sheep (Lair:5)
  A shadow (D:10)
  A ynoxinul (Abyss:1)
  2 yaks
  A steam dragon (Lair:4)
  A vampire mosquito (D:10)
  A hell hound (Lair:6)
  5 water moccasins
  A black bear (Lair:1)
  5 wolves
  A centaur (D:10)
  A kobold brigand (D:9)
  2 bullfrogs
  A jelly (Abyss:1)
  A hound (D:10)
  2 quasits (Abyss:1)
  Crazy Yiuf (D:7)
  An orc priest (D:10)
  2 gnolls
  A white imp (Abyss:1)
  2 orcs (Bailey)
48 creatures vanquished.

Vanquished Creatures (others)
  A centaur zombie (D:6)
  A jelly (Abyss:1)
  49 foxfires
  54 fungi
  47 plants
  14 starspawn tentacles (Abyss:2)
  5 toadstools (D:1)
171 creatures vanquished.

Grand Total: 722 creatures vanquished

Notes
Turn   | Place    | Note
-------+----------+-------------------------------------------
     0 | D:1      | willcat the Djinni Cinder Acolyte began the quest for the
                  | Orb.
     0 | D:1      | Reached XP level 1. HP: 20/20 MP: 0/0
   131 | D:1      | Reached XP level 2. HP: 19/25 MP: 0/0
   680 | D:1      | Reached XP level 3. HP: 21/30 MP: 0/0
   680 | D:1      | Learned a level 1 spell: Sting
   881 | D:1      | Reached skill level 1 in Dodging
  1530 | D:1      | Reached skill level 1 in Armour
  1799 | D:2      | Reached XP level 4. HP: 35/35 MP: 0/0
  2119 | D:2      | Found a faded altar of an unknown god.
  2665 | D:3      | Reached XP level 5. HP: 29/40 MP: 0/0
  2665 | D:3      | Learned a level 2 spell: Searing Ray
  2960 | D:3      | Found a glowing drain.
  2964 | Sewer    | Entered a sewer
  4240 | D:3      | Reached XP level 6. HP: 38/47 MP: 0/0
  4479 | D:3      | Found a hide-covered altar of Uskayaw.
  4488 | D:3      | Found a bloodstained altar of Trog.
  4917 | D:4      | Reached XP level 7. HP: 22/52 MP: 0/0
  4917 | D:4      | Learned a level 3 spell: Dazzling Flash
  5444 | D:4      | Found Cubed's Antique Armour Shoppe.
  6085 | D:5      | Entered Level 5 of the Dungeon
  6203 | D:5      | Reached XP level 8. HP: 25/58 MP: 0/0
  7241 | D:5      | Reached skill level 5 in Unarmed Combat
  7568 | D:6      | Reached skill level 5 in Fighting
  7568 | D:6      | Reached skill level 1 in Evocations
  7602 | D:6      | Noticed Sigmund
  7620 | D:6      | Killed Sigmund
  7839 | D:6      | Reached XP level 9. HP: 38/65 MP: 0/0
  7839 | D:6      | Learned a level 3 spell: Call Canine Familiar
  8007 | D:6      | Identified the +7 dagger of Uskayaw's Envy {venom, Str+7}
  8021 | D:6      | Noticed Edmund
  8046 | D:6      | Killed Edmund
  8260 | D:6      | Reached skill level 1 in Short Blades
  8260 | D:6      | Reached skill level 5 in Dodging
  8565 | D:6      | Noticed Eustachio
  8599 | D:6      | Killed Eustachio
  8888 | D:6      | Noticed Menkaure
  8893 | D:6      | Killed Menkaure
  8894 | D:6      | Reached skill level 5 in Armour
  9202 | D:7      | Noticed a kobold demonologist
  9207 | D:7      | Gained mutation: You are clumsy. (Dex -2) [a neqoxec]
  9210 | D:7      | Noticed a rust devil
  9212 | D:7      | Killed a kobold demonologist
  9221 | D:7      | Found a flagged portal.
  9246 | Bailey   | Entered a bailey
 10268 | Bailey   | Reached XP level 10. HP: 20/72 MP: 0/0
 10605 | Bailey   | Acquired 1056 gold pieces
 10630 | D:7      | Found Jucetib's Antique Weapon Shop.
 11109 | D:7      | Noticed a two-headed ogre
 11122 | D:7      | Killed a two-headed ogre
 11123 | D:7      | Reached skill level 5 in Spellcasting
 11727 | D:7      | Found a staircase to the Ecumenical Temple.
 11729 | D:7      | Found Gyokhek's Magic Scroll Boutique.
 11770 | D:7      | Bought a scroll of teleportation for 39 gold pieces
 11770 | D:7      | Bought a scroll of identify for 26 gold pieces
 11770 | D:7      | Bought a scroll of identify for 26 gold pieces
 11832 | D:7      | Found Atiass's Armour Boutique.
 11836 | D:7      | Found Juzady's Jewellery Boutique.
 11964 | D:7      | Bought the +4 ring mail of Purpose {rF+ Dex+2} for 590 gold
                  | pieces
 11980 | D:7      | Bought a ring of protection from cold for 300 gold pieces
 11987 | D:7      | Found Moemm's Weapon Shop.
 12101 | D:7      | Found a runed translucent door.
 12102 | D:7      | Noticed Crazy Yiuf
 12231 | D:7      | Killed Crazy Yiuf
 12749 | D:8      | Found Qeest's Armour Shop.
 12758 | D:8      | Bought a +0 pair of gloves for 58 gold pieces
 13302 | D:8      | Noticed Harold
 13331 | D:8      | Killed Harold
 13349 | D:8      | Reached XP level 11. HP: 45/79 MP: 0/0
 13349 | D:8      | Learned a level 4 spell: Leda's Liquefaction
 13959 | D:8      | Reached skill level 1 in Shields
 14044 | D:8      | Noticed Prince Ribbit
 14055 | D:8      | Killed Prince Ribbit
 14434 | D:9      | Reached skill level 5 in Short Blades
 15717 | D:10     | Entered Level 10 of the Dungeon
 15902 | D:10     | Noticed Josephine
 16009 | D:9      | Killed Josephine
 16428 | D:10     | Noticed Fannar
 16609 | D:10     | Killed Fannar
 17451 | D:10     | Reached XP level 12. HP: 65/88 MP: 0/0
 17631 | D:10     | Found a staircase to the Lair.
 18105 | Lair:1   | Entered Level 1 of the Lair of Beasts
 19304 | Lair:1   | Reached skill level 5 in Shields
 20895 | Lair:2   | Reached XP level 13. HP: 51/96 MP: 0/0
 20895 | Lair:2   | Learned a level 5 spell: Lee's Rapid Deconstruction
 21492 | Lair:2   | Reached skill level 10 in Fighting
 22324 | Lair:3   | Found a staircase to the Snake Pit.
 22399 | Lair:3   | Found a staircase to the Shoals.
 22939 | Lair:3   | Reached skill level 10 in Armour
 23208 | Lair:3   | Noticed a four-headed hydra
 23222 | Lair:3   | Killed a four-headed hydra
 26302 | Lair:4   | Noticed a fire dragon
 26567 | Lair:4   | Killed a fire dragon
 26812 | Lair:4   | Reached XP level 14. HP: 95/105 MP: 0/0
 27808 | Lair:5   | Identified the +5 long sword of Sloth {flame, Int+5}
 27808 | Lair:5   | Noticed Nessos
 27830 | Lair:5   | Killed Nessos
 28580 | Lair:5   | Found a staircase to the Slime Pits.
 28699 | Lair:5   | Reached skill level 1 in Long Blades
 29336 | Lair:6   | Entered Level 6 of the Lair of Beasts
 32928 | Lair:6   | Reached XP level 15. HP: 99/112 MP: 0/0
 32928 | Lair:6   | Learned a level 6 spell: Statue Form
 32993 | Lair:6   | Found a burning altar of Makhleb.
 33548 | Lair:6   | Reached skill level 1 in Stealth
 34108 | Lair:6   | Found a gateway to Hell.
 34497 | Temple   | Entered the Ecumenical Temple
 34589 | Temple   | Fell from the grace of Ignis
 34589 | Temple   | Became a worshipper of Makhleb the Destroyer
 34896 | D:11     | Noticed Erolcha
 35006 | D:11     | Found a staircase to the Orcish Mines.
 35012 | D:11     | Reached skill level 1 in Invocations
 35022 | D:11     | Cast into level 1 of the Abyss (Erolcha)
 35322 | Abyss:1  | Noticed a profane servitor
 35430 | Abyss:1  | Found a sacrificial altar of Ru.
 35650 | Abyss:1  | Found a sacrificial altar of Ru.
 35790 | Abyss:1  | Noticed a profane servitor
 35923 | Abyss:2  | Noticed a bone dragon
 35925 | Abyss:2  | Noticed a tentacled starspawn
 35946 | Abyss:2  | Noticed a tentacled starspawn
 35971 | Abyss:2  | Gained mutation: You are frail. (-10% HP) [a neqoxec]
 35979 | Abyss:2  | Gained mutation: You have hidden genetic defects. [a
                  | neqoxec]
 36048 | Abyss:2  | Found an ornate altar of the Wu Jian Council.
 36085 | Abyss:2  | Noticed a red very ugly thing
 36110 | Abyss:2  | Paralysed by accursed screaming for 1 turns
 36148 | Abyss:2  | Noticed a bone dragon
 36219 | Abyss:2  | Killed from afar by a starcursed mass

Illustrated notes

Levels and vault maps discovered:
D:1:      ldierk_walled_garden, layout_loops_corners, st_stairs_10,
          minmay_box_of_dots
D:2:      layout_basic, hellmonk_ecumenical_altar_arch_garden, st_stairs_9,
          minmay_misc_feat_four_crosses
D:3:      layout_basic, mainiacjoe_overflow_swirl, gup_sewer_entry_bowl
D:4:      old_forge, layout_basic, serial_shops, shop,
          chequers_serial_rivers_micro_e
D:5:      layout_basic
D:6:      layout_basic, uniq_sigmund, uniq_edmund, uniq_eustachio, uniq_menkaure
D:7:      layout_rooms, minmay_temple_entry_stoned_glass, serial_shops, shop,
          shop, shop, nicolae_shop_bloodbath_and_beyond, shop, enter_bailey_3,
          kennysheep_generic_room_8, uniq_crazy_yiuf_cottage
D:8:      layout_rooms, serial_shops, nicolae_shop_crystal, uniq_harold,
          uniq_prince_ribbit1
D:9:      layout_roguey
D:10:     layout_irregular_city, erik_lair_island, kennysheep_generic_room_3,
          uniq_fannar, uniq_josephine
D:11:     minmay_the_grid_triangle_9x9_rhombus_full_mashed
          [minmay_the_grid_triangle_9x9_wacky_v,
          minmay_the_grid_triangle_9x9_windchime,
          minmay_the_grid_triangle_9x9_stretched_checkered,
          minmay_the_grid_triangle_9x9_sparse_checkered,
          minmay_the_grid_triangle_9x9_pentomino_pain,
          minmay_the_grid_triangle_9x9_zippers_vertical,
          minmay_the_grid_triangle_9x9_limited_checkers,
          minmay_the_grid_triangle_9x9_prize_insulated], layout_basic,
          nemelex_lonely_heart_becter, uniq_erolcha
Temple:   regret_index_temple_chain_breaker
Lair:1:   layout_big_grid
Lair:2:   layout_cave_pods, beast_lair_carwin_4, serial_bayou_shore_b,
          grunt_megastairs_4, infiniplex_staircase_pool_2
Lair:3:   layout_hall_layers, elwin_shoals_entry_stream, dummy_snake_entry,
          nicolae_quartered_pool_impasse, grunt_megastairs_3
Lair:4:   layout_big_grid, bobbens_dragon_lair_wall, serial_bayou_shore_b
Lair:5:   layout_cave_pods, minmay_slime_entry_pillars, lemuel_fruit_fields,
          infiniplex_staircase_pool, uniq_nessos
Lair:6:   evil_forest, layout_loops_ring, serial_bayou_shore_b
Abyss:2:  base: Lair:2, evilmike_abyss_exit_mutagenic, abyss_furniture_001,
          hangedman_decor_riveting, hangedman_shadowy_showcase,
          evilmike_abyss_exit_plants, minivault_19

Skill      XL: |  1  2  3  4  5  6  7  8  9 10 11 12 13 14 15 |
---------------+----------------------------------------------+-----
Dodging        | 1 2 3 4 5 6 7 8 |  8.1
Armour         | 1 2 3 4 5 6 7 9 10 12 | 12.4
Spellcasting   | 3 4 5 6 7 8 9 |  9.4
Fighting       | 4 5 6 7 8 9 11 12 | 12.0
Unarmed Combat | 4 5 |  5.4
Evocations     | 2 3 4 |  4.5
Short Blades   | 2 4 6 |  6.7
Shields        | 3 6 8 9 |  9.6
Long Blades    | 3 |  3.6
Stealth        | 1 |  1.6
Invocations    | 1 |  1.1

Action                   |  1- 3 |  4- 6 |  7- 9 | 10-12 | 13-15 || total
-------------------------+-------+-------+-------+-------+-------++-------
Melee: Unarmed           |   112 |   327 |   127 |       |       ||   566
       Punch             |     3 |     4 |     7 |    15 |       ||    29
       Dagger            |       |    22 |    87 |   610 |   804 ||  1523
       Long sword        |       |       |       |       |   102 ||   102
Throw: Throwing net      |       |       |       |       |     1 ||     1
 Cast: Scorch            |       |    15 |    99 |   108 |    88 ||   310
       Sting             |       |       |     2 |       |       ||     2
       Call Canine Famil |       |       |    11 |    54 |    70 ||   135
       Leda's Liquefacti |       |       |       |    24 |    24 ||    48
       Searing Ray       |       |       |       |     5 |       ||     5
       Lee's Rapid Decon |       |       |       |       |    64 ||    64
       Dazzling Flash    |       |       |       |       |     3 ||     3
Invok: Foxfire Swarm     |       |       |       |     3 |       ||     3
Evoke: Wand              |       |     5 |    13 |    11 |    12 ||    41
  Use: Scroll            |       |       |    14 |     9 |    16 ||    39
       Potion            |       |       |     1 |     4 |    13 ||    18
 Stab: Distracted        |       |       |       |     2 |     4 ||     6
       Petrified         |       |       |       |       |     2 ||     2
       Paralysed         |       |       |       |       |     3 ||     3
Armor: Robe              |    12 |       |       |       |       ||    12
       Scale mail        |    26 |   119 |    94 |     9 |       ||   248
       Ring mail         |       |       |       |   192 |   361 ||   553
Dodge: Dodged            |    65 |   173 |   231 |   523 |   694 ||  1686
Block: Kite shield       |       |       |       |   115 |   535 ||   650
